Map: Jagannatha EC

Players

ElBastos

  • Race: Terran Terran
  • League: Master

Prøject - Winner!

  • Race: Terran Terran
  • League: Master

VOD

Have the link to the VOD?

Description

Time

  • Played on: May 7, 2021, 3:38 p.m.
  • Length: 10:22
Show
View Real Time Build Order
Export as new Build Order

ElBastos Terran 

Build Orders: Cyclone Opening 

Get SALT Encoding   

  12  0:00  SCV  
  13  0:13  SCV  
  14  0:19  Supply Depot  
  14  0:27  SCV  
  15  0:41  SCV  
  15  0:42  Barracks  
  16  0:47  Refinery  
  16  0:53  SCV  
  17  1:02  Refinery  
  17  1:05  SCV  
  18  1:17  SCV  
  19  1:29  Orbital Command, Reaper  
  20  1:33  Supply Depot  
  20  1:48  Factory  
  20  1:58  SCV  
  21  2:03  Reaper  
  22  2:10  SCV  
  23  2:22  Command Center  
  23  2:24  SCV  
  24  2:31  Factory Tech Lab  
  24  2:35  Barracks Reactor  
  24  2:36  SCV  
  25  2:41  Supply Depot  
  25  2:48  SCV  
  26  2:52  Cyclone  
  29  3:00  SCV  
  30  3:11  Marine x2  
  31  3:12  SCV  
  31  3:14  Refinery  
  31  3:17  Starport  
  31  3:24  SCV  
  32  3:29  Marine x2  
  34  3:37  SCV, Orbital Command  
  34  3:38  Factory Tech Lab  
  35  3:48  Marine x2  
  35  3:49  SCV  
  38  4:01  SCV, Raven  
  41  4:04  SCV  
  41  4:06  Siege Tank  
  45  4:11  Supply Depot  
  45  4:13  SCV  
  45  4:16  SCV  
  47  4:21  Supply Depot, Marine x2  
  49  4:25  SCV  
  49  4:28  SCV  
  51  4:37  SCV  
  52  4:40  SCV, Marine x2  
  52  4:44  Raven  
  57  4:49  SCV  
  57  4:52  SCV  
  58  4:57  Command Center  
  57  5:01  SCV, Marine x2  
  57  5:04  SCV  
  57  5:05  Siege Tank  
  64  5:14  SCV  
  65  5:19  Supply Depot  
  65  5:21  Supply Depot  
  65  5:22  SCV  
  65  5:26  SCV  
  67  5:31  Stimpack, Marine  
  67  5:34  SCV  
  69  5:37  Barracks  
  69  5:38  Barracks  
  69  5:41  Viking x2  
  73  5:43  SCV  
  73  5:45  Siege Tank  
  73  5:47  SCV  
  78  5:53  Refinery  
  78  5:57  Marine  
  78  6:02  SCV  
  80  6:07  Supply Depot  
  80  6:10  Engineering Bay  
  79  6:14  Engineering Bay  
  79  6:15  Marine  
  79  6:16  Viking x2  
  79  6:17  SCV  
  86  6:20  Orbital Command  
  86  6:22  SCV  
  86  6:29  SCV  
  87  6:33  Barracks Reactor x2  
  87  6:35  SCV  
  88  6:41  SCV  
  88  6:44  Terran Infantry Armor Level 1, Terran Infantry Weapons Level 1  
  89  6:47  SCV, Supply Depot  
  89  6:48  Supply Depot  
  89  6:50  Orbital Command  
  89  6:53  SCV, Viking  
  92  6:57  Viking  
  92  6:59  SCV  
  95  7:08  SCV  
  93  7:10  Marine x3  
  93  7:11  Marine x2  
  93  7:13  Siege Tank  
  101  7:16  SCV x2  
  103  7:23  Combat Shield  
  103  7:25  Viking  
  103  7:27  Viking  
  107  7:32  SCV  
  107  7:33  SCV x2  
  107  7:34  Refinery  
  107  7:36  Refinery, Sensor Tower  
  109  7:44  SCV  
  109  7:45  SCV x2  
  109  7:50  Siege Tank  
  109  7:51  Marine x5  
  115  7:57  SCV  
  115  7:58  Barracks  
  121  7:59  Armory, Barracks  
  121  8:00  SCV x2  
  123  8:09  SCV  
  123  8:11  Marine  
  125  8:16  Supply Depot  
  125  8:17  Supply Depot  
  125  8:19  Supply Depot  
  125  8:20  SCV, Viking, Marine x4  
  125  8:21  SCV  
  133  8:35  Command Center, Viking  
  133  8:37  Marine  
  133  8:38  Siege Tank, Marine  
  133  8:41  Marine x3  
  140  8:46  SCV  
  144  8:55  Marine  
  145  9:00  Barracks Reactor x2  
  142  9:09  Engineering Bay  
  142  9:10  Siege Tank, Engineering Bay  
  145  9:17  SCV  
  145  9:18  SCV  
  141  9:31  Marine x2  
  141  9:32  Marine  
  130  9:42  Siege Tank  
  130  9:43  Marine x3  
  122  9:53  Marine x6  
  128  10:01  Marine x3  
  128  10:04  SCV x2  
  131  10:17  Factory  
Show
View Real Time Build Order
Export as new Build Order

Prøject Terran - Winner!

Build Orders:  

Get SALT Encoding   

  12  0:00  SCV  
  13  0:12  SCV  
  14  0:17  Supply Depot  
  14  0:24  SCV  
  15  0:38  SCV  
  15  0:40  Barracks  
  16  0:44  Refinery  
  16  0:50  SCV  
  16  0:53  Refinery  
  17  1:03  SCV  
  18  1:15  SCV  
  19  1:27  Orbital Command, Reaper  
  19  1:30  Supply Depot  
  20  1:43  Factory  
  21  1:54  SCV  
  21  1:59  Reaper  
  22  2:06  SCV  
  23  2:18  SCV  
  24  2:24  Command Center  
  24  2:30  Hellion  
  24  2:33  SCV  
  24  2:36  Barracks Reactor  
  27  2:45  Starport  
  27  2:50  SCV  
  28  2:52  Widow Mine  
  28  2:57  Supply Depot  
  30  3:02  SCV  
  30  3:13  Factory Tech Lab  
  30  3:14  SCV  
  31  3:26  SCV  
  32  3:28  Starport Tech Lab  
  32  3:30  Refinery  
  32  3:34  Marine x2  
  33  3:38  SCV  
  33  3:41  Cyclone  
  38  3:48  Orbital Command  
  38  3:54  Raven  
  40  3:58  SCV  
  41  4:03  Marine x2  
  43  4:13  Siege Tank  
  43  4:15  SCV  
  45  4:17  SCV  
  46  4:25  Marine  
  46  4:26  Marine  
  46  4:28  SCV  
  49  4:31  SCV  
  49  4:32  Supply Depot  
  49  4:37  Raven  
  52  4:40  SCV  
  53  4:52  Command Center  
  52  4:56  Siege Tank  
  52  4:58  SCV  
  55  5:01  SCV  
  55  5:04  Marine  
  55  5:05  Marine  
  58  5:10  SCV  
  58  5:13  SCV  
  60  5:19  Supply Depot  
  60  5:22  SCV  
  60  5:25  SCV  
  60  5:27  Starport Reactor, Barracks  
  62  5:33  Barracks  
  62  5:34  SCV  
  63  5:37  SCV, Siege Tank  
  67  5:43  Stimpack  
  67  5:46  SCV  
  67  5:47  Supply Depot  
  67  5:49  SCV  
  69  5:59  SCV  
  69  6:01  SCV  
  69  6:03  Engineering Bay  
  71  6:04  Engineering Bay  
  71  6:11  SCV  
  72  6:13  SCV, Supply Depot  
  72  6:15  Starport Reactor  
  72  6:16  Siege Tank  
  76  6:23  SCV  
  78  6:25  SCV  
  78  6:26  Refinery, Orbital Command  
  76  6:36  SCV  
  76  6:39  Marine x3  
  80  6:42  SCV  
  80  6:44  Terran Infantry Armor Level 1, Terran Infantry Weapons Level 1  
  80  6:48  SCV  
  80  6:50  Siege Tank, Marine  
  80  6:51  Marine  
  80  6:53  Medivac x2  
  90  6:54  SCV x2  
  90  6:57  Supply Depot, Marine  
  90  7:00  SCV  
  94  7:06  SCV, Sensor Tower  
  92  7:10  Marine x4  
  92  7:11  SCV  
  92  7:13  SCV  
  92  7:15  Marine  
  99  7:19  SCV  
  99  7:20  Supply Depot  
  99  7:21  Barracks  
  100  7:23  Barracks  
  100  7:28  Marine  
  100  7:29  Marine  
  101  7:30  Combat Shield  
  101  7:32  SCV  
  101  7:35  Marine  
  101  7:36  Marine  
  103  7:37  SCV x2  
  103  7:38  Medivac x2  
  103  7:41  Refinery  
  103  7:42  Refinery  
  109  7:44  SCV  
  109  7:49  SCV  
  109  7:50  Marine x2  
  109  7:51  Marine  
  113  7:52  Siege Tank  
  113  7:55  Supply Depot  
  113  7:56  SCV, Supply Depot, Armory  
  113  7:57  SCV  
  118  8:01  SCV  
  119  8:08  SCV  
  119  8:10  SCV  
  119  8:11  Marine  
  119  8:12  Barracks Reactor x2  
  122  8:13  SCV  
  122  8:14  Command Center  
  122  8:15  Marine x2  
  122  8:17  Marine x2  
  127  8:27  Siege Tank  
  130  8:28  Medivac x2  
  130  8:29  Marine  
  130  8:31  SCV  
  130  8:33  Supply Depot, Marine x2  
  138  8:34  Marine  
  138  8:40  Marine  
  138  8:41  SCV  
  141  8:55  Marine x4  
  145  9:02  Marine x3  
  146  9:03  Marine  
  149  9:10  Factory  
  149  9:11  Medivac  
  149  9:12  Supply Depot  
  149  9:14  SCV, Siege Tank  
  131  9:31  Marine x4  
  131  9:33  Marine x2  
  131  9:34  Marine x3  
  140  9:40  Barracks  
  140  9:41  SCV, Barracks  
  140  9:43  Barracks  
  140  9:45  SCV  
  142  9:49  Marine x4  
  142  9:51  Marine x2  
  142  9:52  Medivac x2, Marine  
  150  9:59  Marine  
  150  10:00  Marine  
Tags
 
Add a new tag
Caveats
  • Supply blocks, unpowered buildings, or Contaminate may cause inaccurate times.
  • Supply counts are checked every 10 seconds.